 Dungeon Sprint DCSS version 0.22-a0-358-g7563fe7 (webtiles) character file.

32 KristoblXynda the Sneak (level 3, -3/24 HPs)
             Began as a Spriggan Enchanter on Apr 18, 2018.
             Shot with an arrow by a centaur (10 damage)
             ... in the Dungeon (Sprint IX: "|||||||||||||||||||||||||||||").
             The game lasted 00:00:30 (43 turns).

KristoblXynda the Sneak (Spriggan Enchanter)          Turns: 43, Time: 00:00:31

Health: -3/24      AC:  2    Str: 10    XL:     3   Next: 8%
Magic:  7/10       EV: 18    Int: 16    God:
Gold:   0          SH:  0    Dex: 16    Spells: 11/12 levels left

rFire    . . .     SeeInvis +   a - +1 dagger
rCold    . . .     Gourm    .   (shield restricted)
rNeg     . . .     Faith    .   b - +0 robe
rPois    .         Spirit   .   (helmet restricted)
rElec    .         Reflect  .   (no cloak)
rCorr    .         Harm     .   (gloves unavailable)
MR       .....     NoTele   +   (boots unavailable)
Stlth    ..........             (no amulet)
HPRegen  0.08/turn              (no ring)
MPRegen  0.12/turn              (no ring)

@: berserking, hasted, very quick
A: very small, unfitting armour, see invisible, herbivore, speed 3, slow
metabolism 2
a: no special abilities


You were in the Dungeon.
You were not hungry.

You visited 1 branch

Inventory:

Hand Weapons
 a - a +1 dagger (weapon)
Armour
 b - a +0 robe (worn)
Scrolls
 j - a scroll of blinking
Potions
 f - a potion of heal wounds
 h - 2 potions of magic
Comestibles
 d - a ration


   Skills:
 - Level 1.1 Short Blades
 - Level 3.0 Dodging
 + Level 7.1 Stealth
 + Level 5.0 Spellcasting
 + Level 5.6 Hexes


You had 11 spell levels left.
You knew the following spells:

 Your Spells              Type           Power        Failure   Level  Hunger
a - Corona                Hex            ###....      1%          1    None


Dungeon Overview and Level Annotations

Branches:
Dungeon (1/1)

Altars:


Innate Abilities, Weirdness & Mutations

You are very small and have problems with some larger weapons.
You are too small for most types of armour.
You have supernaturally acute eyesight. (SInv)
You are a herbivore.
You cover ground extremely quickly.
You need to consume almost no food.


Message History

The iguana is almost dead.
The iguana bites you.
You barely miss the iguana.
The iguana is almost dead.
You hit the iguana.
You kill the iguana!
Your Stealth skill gained 2 levels and is now at level 7!
Your Spellcasting skill increases to level 4!
Your Hexes skill increases to level 5!
You have reached level 2!
You have reached level 3!
Your experience leads to an increase in your attributes!
Your base attributes are Str 4, Int 16, Dex 16.
Increase (S)trength, (I)ntelligence, or (D)exterity?
You feel stronger.
You puncture the quokka!
You kill the quokka!
Your Spellcasting skill increases to level 5!
The centaur wields a shortbow.
The centaur shoots an arrow.
The arrow hits you!
You die... ▓▓▓▓▓▓▓▓▓▓▓▓▓▓▓▓▓▓ ▓<...'†††.@†.cSc.+ ▓▓▓▓▓▓▓▓▓▓▓▓▓▓▓▓▓▓

You could see 2 centaurs and an adder.

Vanquished Creatures
  An iguana (D)
  A leopard gecko (D)
  A hobgoblin (D)
  A quokka (D)
  A bat (D)
  2 rats (D)
7 creatures vanquished.

Notes
Turn   | Place    | Note
-------+----------+-------------------------------------------
     0 | D        | KristoblXynda the Spriggan Enchanter began the quest for the Orb.
     0 | D        | Reached XP level 1. HP: 9/9 MP: 5/5
     5 | D        | Reached skill level 5 in Stealth
    33 | D        | Noticed an iguana
    33 | D        | Noticed a centaur
    33 | D        | Noticed a centaur
    42 | D        | Killed an iguana
    42 | D        | Reached skill level 7 in Stealth
    42 | D        | Reached skill level 5 in Hexes
    42 | D        | Reached XP level 2. HP: 5/13 MP: 6/8
    42 | D        | Reached XP level 3. HP: 7/16 MP: 7/10
    43 | D        | Reached skill level 5 in Spellcasting
    43 | D        | Shot with an arrow by a centaur

Vault maps used:
D:        linesprint

Skill      XL: |  1  2  3 |
---------------+----------+-----
Stealth        | 7 |  7.1
Spellcasting   | 4 5 |  5.0
Hexes          | 5 |  5.6
Short Blades   | |  1.1
Dodging        | |  3.0

Action                   || total
-------------------------++-------
Melee: Dagger            ||    30
  Use: Potion            ||     3
 Stab: Sleeping          ||     3
Armor: Robe              ||     3
Dodge: Dodged            ||    29

Table legend:
 A = Spawn XP
 B = Non-spawn XP
 C = Spawn XP percentage of total XP
 D = Spawn monster count
 E = Non-spawn monster count
 F = Spawn count percentage of total count
 G = Total turns spent on level
                    A         B        C        D         E        F      G
               +---------+---------+-------+---------+---------+-------+---------
         Total |       0 |      46 |   0.0 |       0 |       7 |   0.0 |    43
               +---------+---------+-------+---------+---------+-------+---------
             D |       0 |      46 |   0.0 |       0 |       7 |   0.0 |    43
               +---------+---------+-------+---------+---------+-------+---------
